[ AOE2 MATCH · #506752930 ]
UnrankedHindustanis vs Incas
Player's team · LOSS
[ REPLAY ANALYSIS · EXTRACTED FROM THE RECORDED GAME ]
Feudal
9:45
Castle
22:42
Imperial
—
| APM avg | 45.9 |
| APM peak | 187 |
| eAPM avg | 27.2 |
| Villagers / military | 83 / 44 |
Focus
⚔️ 67.4% · 🌾 32.6%
Spearman ×16 · Scout Cavalry ×12 · Ghulam ×7 · Camel Scout ×6 · Mangonel ×2 · Scorpion ×1
Feudal
9:27
Castle
37:33
Imperial
—
| APM avg | 25.9 |
| APM peak | 49 |
| eAPM avg | 18.1 |
| Villagers / military | 74 / 40 |
Focus
⚔️ 42.2% · 🌾 57.8%
Knight ×28 · Spearman ×6 · Scout Cavalry ×6
Feudal
10:33
Castle
25:39
Imperial
—
| APM avg | 39.4 |
| APM peak | 88 |
| eAPM avg | 22.1 |
| Villagers / military | 65 / 35 |
Focus
⚔️ 32.5% · 🌾 67.5%
Archer ×26 · Spearman ×9 · Unknown (2550) ×4
Feudal
23:42
Castle
27:39
Imperial
—
| APM avg | 56.0 |
| APM peak | 106 |
| eAPM avg | 31.9 |
| Villagers / military | 91 / 43 |
Focus
⚔️ 19.1% · 🌾 80.9%
Spearman ×36 · Boyar ×3 · Mangonel ×3 · Battering Ram ×1
Feudal
37:47
Castle
—
Imperial
—
| APM avg | 20.5 |
| APM peak | 65 |
| eAPM avg | 12.0 |
| Villagers / military | 54 / 0 |
Focus
⚔️ 36.5% · 🌾 63.5%
Feudal
8:15
Castle
19:23
Imperial
37:37
| APM avg | 47.6 |
| APM peak | 93 |
| eAPM avg | 21.6 |
| Villagers / military | 145 / 153 |
Focus
⚔️ 35.9% · 🌾 64.1%
Camel Scout ×77 · Knight ×59 · Scout Cavalry ×17
Feudal
8:57
Castle
20:51
Imperial
—
| APM avg | 75.6 |
| APM peak | 126 |
| eAPM avg | 25.9 |
| Villagers / military | 128 / 72 |
Focus
⚔️ 31.4% · 🌾 68.6%
Knight ×23 · Spearman ×19 · Scorpion ×12 · Scout Cavalry ×10 · Monk ×7 · Battering Ram ×1
Feudal
10:05
Castle
21:39
Imperial
37:41
| APM avg | 59.6 |
| APM peak | 109 |
| eAPM avg | 21.2 |
| Villagers / military | 93 / 71 |
Focus
⚔️ 23.3% · 🌾 76.7%
Camel Scout ×63 · Spearman ×5 · Monk ×2 · Knight ×1
Match map
Initial resources + every placement click. Lines = walls · curves = elevation contours. ◆ gold · ⬟ stone · ● berries · ✦ relic · ◌ wall gap
Your base· Open — 4t gap
EXILE | Ivanistico's base· Open — 5t gap
FeR's base· Open — 6t gap
busy pushing deer's base· Open — 2t gap
ATABEY's base· Open — unwalled flank
maxwell54's base· Open — 10t gap
Tylenol's base· Open — unwalled flank
2987052186's base· Open — unwalled flank
Smoothed initial terrain · ◌ = detected wall gap · hover for details
Inputs per minute
— Dadagama - - EXILE | Ivanistico
Build order — Dadagama
First 150 of 187 actions detected
| 0:00 | Create | Villager (Male) |
| 0:01 | Create | Villager (Male) |
| 0:01 | Create | Villager (Male) |
| 0:01 | Create | Villager (Male) |
| 0:03 | Build | House |
| 0:04 | Build | House |
| 1:10 | Create | Villager (Male) |
| 1:10 | Create | Villager (Male) |
| 1:42 | Create | Villager (Male) |
| 1:42 | Create | Villager (Male) |
| 2:03 | Create | Villager (Male) |
| 2:03 | Create | Villager (Male) |
| 2:16 | Create | Villager (Male) |
| 2:16 | Create | Villager (Male) |
| 2:37 | Build | House |
| 2:52 | Create | Villager (Male) |
| 2:55 | Create | Villager (Male) |
| 2:56 | Create | Villager (Male) |
| 3:12 | Research | Loom |
| 3:12 | Research | Loom |
| 3:15 | Build | Lumber Camp |
| 3:56 | Create | Villager (Male) |
| 3:57 | Create | Villager (Male) |
| 3:57 | Create | Villager (Male) |
| 4:00 | Build | House |
| 4:01 | Build | House |
| 4:09 | Create | Villager (Male) |
| 5:25 | Create | Villager (Male) |
| 5:25 | Create | Villager (Male) |
| 5:59 | Create | Villager (Male) |
| 6:07 | Build | Mill |
| 6:41 | Create | Villager (Male) |
| 6:41 | Create | Villager (Male) |
| 7:35 | Research | Feudal Age |
| 8:01 | Create | Villager (Male) |
| 8:02 | Create | Villager (Male) |
| 8:19 | Build | House |
| 8:46 | Build | Barracks |
| 9:45 | Age | Feudal Age |
| 9:50 | Build | Stable |
| 9:53 | Research | Double-Bit Axe |
| 10:03 | Create | Villager (Male) |
| 10:21 | Build | House |
| 10:33 | Build | Palisade Wall |
| 10:34 | Create | Scout Cavalry |
| 10:34 | Create | Scout Cavalry |
| 10:35 | Create | Scout Cavalry |
| 11:06 | Build | Palisade Wall |
| 11:13 | Create | Scout Cavalry |
| 11:23 | Create | Villager (Male) |
| 11:24 | Create | Villager (Male) |
| 11:28 | Build | Farm |
| 11:34 | Build | Mining Camp |
| 12:00 | Create | Villager (Male) |
| 12:01 | Create | Villager (Male) |
| 12:34 | Create | Villager (Male) |
| 12:34 | Create | Villager (Male) |
| 13:05 | Create | Villager (Male) |
| 13:06 | Create | Villager (Male) |
| 13:15 | Create | Villager (Male) |
| 13:18 | Build | Farm |
| 13:19 | Build | Farm |
| 13:23 | Build | Farm |
| 13:27 | Build | Farm |
| 13:33 | Build | Farm |
| 13:40 | Build | Farm |
| 13:48 | Create | Scout Cavalry |
| 13:49 | Create | Scout Cavalry |
| 13:59 | Build | Farm |
| 14:04 | Build | Farm |
| 14:12 | Build | Farm |
| 14:20 | Create | Villager (Male) |
| 14:24 | Build | Farm |
| 14:30 | Build | Farm |
| 15:42 | Create | Villager (Male) |
| 15:43 | Create | Villager (Male) |
| 16:27 | Create | Villager (Male) |
| 16:27 | Create | Villager (Male) |
| 16:33 | Build | Farm |
| 16:44 | Create | Villager (Male) |
| 16:44 | Create | Villager (Male) |
| 16:45 | Create | Scout Cavalry |
| 16:46 | Create | Scout Cavalry |
| 16:49 | Build | Farm |
| 16:52 | Build | Farm |
| 17:06 | Build | Blacksmith |
| 17:35 | Build | Farm |
| 17:37 | Create | Villager (Male) |
| 17:59 | Build | Watch Tower |
| 18:10 | Build | Watch Tower |
| 18:14 | Create | Villager (Male) |
| 18:48 | Create | Villager (Male) |
| 19:02 | Build | Market |
| 19:21 | Create | Villager (Male) |
| 20:02 | Research | Castle Age |
| 20:02 | Research | Castle Age |
| 20:05 | Build | House |
| 20:39 | Research | Scale Barding Armor |
| 20:46 | Create | Villager (Male) |
| 20:48 | Research | Bloodlines |
| 21:19 | Build | Mining Camp |
| 21:24 | Create | Scout Cavalry |
| 21:24 | Create | Scout Cavalry |
| 21:30 | Build | Gate |
| 21:33 | Build | Palisade Gate |
| 21:37 | Build | Gate |
| 21:40 | Build | Stone Wall |
| 21:43 | Build | House |
| 22:07 | Build | Lumber Camp |
| 22:32 | Research | Forging |
| 22:33 | Create | Villager (Male) |
| 22:42 | Age | Castle Age |
| 22:52 | Create | Camel Scout |
| 22:53 | Create | Camel Scout |
| 23:06 | Build | Watch Tower |
| 23:09 | Research | Fletching |
| 23:14 | Create | Villager (Male) |
| 23:18 | Build | Monastery |
| 23:43 | Create | Spearman |
| 23:44 | Create | Spearman |
| 24:12 | Create | Scout Cavalry |
| 24:35 | Create | Villager (Male) |
| 24:36 | Create | Villager (Male) |
| 24:40 | Create | Camel Scout |
| 25:02 | Build | Siege Workshop |
| 25:08 | Create | Spearman |
| 25:09 | Create | Spearman |
| 25:09 | Create | Spearman |
| 25:23 | Create | Camel Scout |
| 25:24 | Create | Camel Scout |
| 25:25 | Create | Villager (Male) |
| 25:25 | Create | Villager (Male) |
| 25:45 | Create | Mangonel |
| 25:53 | Create | Camel Scout |
| 26:17 | Create | Scout Cavalry |
| 27:11 | Create | Spearman |
| 27:11 | Create | Spearman |
| 27:27 | Create | Mangonel |
| 27:28 | Create | Spearman |
| 27:29 | Create | Spearman |
| 27:41 | Create | Villager (Male) |
| 27:41 | Create | Villager (Male) |
| 28:17 | Build | Farm |
| 28:18 | Build | Farm |
| 28:19 | Build | Farm |
| 28:19 | Build | Farm |
| 28:19 | Build | Farm |
| 28:19 | Build | Farm |
| 28:19 | Build | Farm |
| 28:20 | Build | Farm |
Build order — EXILE | Ivanistico
First 150 of 199 actions detected
| 0:01 | Create | Villager (Male) ×4 |
| 0:03 | Build | House |
| 0:05 | Build | House |
| 1:23 | Create | Villager (Male) |
| 1:23 | Create | Villager (Male) |
| 1:46 | Build | Lumber Camp |
| 2:04 | Create | Villager (Male) |
| 2:05 | Create | Villager (Male) |
| 2:30 | Create | Villager (Male) |
| 2:31 | Create | Villager (Male) |
| 2:51 | Create | Villager (Male) |
| 2:51 | Create | Villager (Male) |
| 3:21 | Create | Villager (Male) |
| 3:21 | Create | Villager (Male) |
| 3:39 | Create | Villager (Male) |
| 3:39 | Create | Villager (Male) |
| 3:40 | Create | Villager (Male) |
| 3:50 | Build | House |
| 3:51 | Build | House |
| 4:26 | Build | Mill |
| 4:47 | Create | Villager (Male) |
| 4:47 | Create | Villager (Male) ×3 |
| 4:48 | Create | Villager (Male) ×3 |
| 4:48 | Create | Villager (Male) ×3 |
| 6:17 | Create | Villager (Male) |
| 6:17 | Research | Loom |
| 7:08 | Research | Feudal Age |
| 7:08 | Research | Feudal Age |
| 7:33 | Build | Barracks |
| 8:56 | Create | Villager (Male) |
| 9:27 | Age | Feudal Age |
| 9:29 | Build | Stable |
| 9:31 | Create | Villager (Male) |
| 9:33 | Research | Double-Bit Axe |
| 9:34 | Research | Horse Collar |
| 10:09 | Create | Villager (Male) |
| 10:10 | Create | Scout Cavalry |
| 10:32 | Create | Scout Cavalry |
| 10:35 | Create | Villager (Male) |
| 10:38 | Build | Farm |
| 10:41 | Build | Farm |
| 10:43 | Build | Farm |
| 10:46 | Build | Farm |
| 10:49 | Build | Farm |
| 10:57 | Create | Scout Cavalry |
| 11:15 | Create | Villager (Male) |
| 11:17 | Create | Villager (Male) |
| 11:20 | Build | Farm |
| 11:22 | Build | Farm |
| 11:47 | Create | Scout Cavalry |
| 11:56 | Create | Scout Cavalry |
| 12:00 | Build | House |
| 12:01 | Build | Palisade Wall |
| 12:03 | Build | Palisade Wall |
| 12:10 | Build | Palisade Wall |
| 12:12 | Build | Palisade Wall |
| 12:13 | Build | Palisade Wall |
| 12:34 | Create | Scout Cavalry |
| 12:43 | Build | Watch Tower |
| 13:34 | Create | Villager (Male) |
| 14:20 | Build | Farm |
| 14:20 | Build | Farm |
| 14:20 | Build | Farm |
| 14:21 | Build | Farm |
| 14:21 | Build | Farm |
| 14:23 | Create | Spearman |
| 14:33 | Create | Villager (Male) |
| 14:37 | Build | Farm |
| 14:38 | Build | Farm |
| 14:41 | Build | Farm |
| 14:43 | Build | Farm |
| 14:49 | Create | Villager (Male) |
| 14:53 | Build | Farm |
| 14:55 | Build | Farm |
| 15:08 | Build | Mining Camp |
| 15:27 | Create | Villager (Male) |
| 16:26 | Create | Villager (Male) |
| 16:26 | Create | Villager (Male) |
| 16:26 | Create | Villager (Male) |
| 16:48 | Create | Spearman |
| 16:50 | Create | Spearman |
| 16:51 | Create | Spearman |
| 17:04 | Build | House |
| 17:44 | Create | Villager (Male) |
| 17:47 | Create | Villager (Male) |
| 18:21 | Build | Watch Tower |
| 18:26 | Create | Spearman |
| 20:09 | Build | Palisade Wall |
| 20:11 | Build | Palisade Wall |
| 20:13 | Build | Palisade Wall |
| 20:31 | Build | Palisade Wall |
| 20:34 | Build | Palisade Wall |
| 21:31 | Build | Blacksmith |
| 22:34 | Create | Spearman |
| 23:12 | Build | House |
| 23:15 | Build | Stone Wall |
| 23:19 | Build | Stone Wall |
| 23:21 | Build | Stone Wall |
| 23:56 | Research | Fletching |
| 23:56 | Research | Fletching |
| 25:28 | Build | Palisade Wall |
| 26:20 | Create | Villager (Male) |
| 26:33 | Build | Palisade Gate |
| 26:42 | Create | Villager (Male) |
| 26:56 | Create | Villager (Male) |
| 27:25 | Create | Villager (Male) |
| 27:46 | Create | Villager (Male) |
| 28:14 | Build | Stable |
| 28:37 | Create | Villager (Male) |
| 28:38 | Create | Villager (Male) |
| 29:08 | Build | Farm |
| 29:48 | Create | Villager (Male) |
| 29:50 | Research | Wheelbarrow |
| 30:08 | Create | Villager (Male) |
| 31:31 | Create | Villager (Male) |
| 31:32 | Create | Villager (Male) |
| 31:56 | Create | Villager (Male) |
| 32:16 | Build | House |
| 32:17 | Build | House |
| 32:22 | Create | Villager (Male) |
| 32:37 | Build | House |
| 32:39 | Create | Villager (Male) |
| 32:55 | Create | Villager (Male) |
| 33:07 | Build | Mill |
| 33:08 | Build | Farm |
| 33:08 | Build | Farm |
| 33:08 | Build | Farm |
| 33:09 | Build | Farm |
| 33:09 | Build | Farm |
| 33:09 | Build | Farm |
| 33:10 | Build | Farm |
| 33:10 | Build | Farm |
| 33:10 | Build | Farm |
| 33:10 | Build | Farm |
| 33:11 | Build | Farm |
| 33:14 | Create | Villager (Male) |
| 33:14 | Create | Villager (Male) |
| 33:37 | Create | Villager (Male) |
| 34:19 | Create | Villager (Male) |
| 34:53 | Research | Castle Age |
| 34:54 | Research | Castle Age |
| 35:01 | Create | Villager (Male) |
| 35:02 | Build | Stable |
| 35:28 | Research | Scale Barding Armor |
| 35:36 | Research | Bloodlines |
| 35:36 | Research | Bloodlines |
| 35:36 | Research | Bloodlines |
| 35:42 | Build | Farm |
| 36:03 | Create | Villager (Male) |
| 36:11 | Research | Forging |
Build order — FeR
First 150 of 221 actions detected
| 0:00 | Create | Villager (Male) |
| 0:01 | Create | Villager (Male) |
| 0:01 | Create | Villager (Male) |
| 0:01 | Create | Villager (Male) |
| 0:02 | Create | Villager (Male) |
| 0:03 | Build | House |
| 1:32 | Create | Villager (Male) |
| 1:56 | Build | Palisade Wall |
| 1:58 | Build | Palisade Wall |
| 2:00 | Build | Palisade Wall |
| 2:02 | Build | Palisade Wall |
| 2:05 | Create | Villager (Male) |
| 2:17 | Create | Villager (Male) |
| 2:42 | Build | Settlement |
| 2:52 | Create | Villager (Male) |
| 3:08 | Build | Palisade Wall |
| 3:14 | Create | Villager (Male) |
| 3:21 | Build | Palisade Wall |
| 3:21 | Build | Palisade Wall |
| 3:24 | Build | Palisade Wall |
| 3:25 | Build | Palisade Wall |
| 3:42 | Build | Palisade Wall |
| 3:43 | Build | Palisade Wall |
| 3:48 | Create | Villager (Male) |
| 3:48 | Create | Villager (Male) |
| 4:19 | Create | Villager (Male) |
| 4:48 | Create | Villager (Male) |
| 5:13 | Create | Villager (Male) |
| 5:38 | Create | Villager (Male) |
| 5:46 | Build | Settlement |
| 5:56 | Create | Villager (Male) |
| 6:23 | Create | Villager (Male) |
| 6:54 | Create | Villager (Male) |
| 7:10 | Research | Loom |
| 7:44 | Build | Barracks |
| 7:58 | Create | Villager (Male) |
| 8:19 | Research | Feudal Age |
| 8:28 | Build | House |
| 8:34 | Build | Palisade Gate |
| 8:36 | Build | Palisade Wall |
| 8:57 | Build | Palisade Wall |
| 8:59 | Build | Palisade Wall |
| 9:09 | Create | Unit 2550 |
| 9:09 | Create | Unit 2550 |
| 9:27 | Create | Villager (Male) |
| 9:29 | Create | Unit 2550 |
| 9:34 | Create | Unit 2550 |
| 10:33 | Age | Feudal Age |
| 10:38 | Build | Palisade Wall |
| 10:43 | Create | Villager (Male) |
| 10:50 | Build | Blacksmith |
| 10:56 | Build | Archery Range |
| 11:01 | Create | Villager (Male) |
| 11:16 | Create | Spearman |
| 11:22 | Research | Double-Bit Axe |
| 11:25 | Create | Villager (Male) |
| 11:35 | Build | Palisade Wall |
| 11:36 | Build | Palisade Wall |
| 11:42 | Research | Fletching |
| 11:50 | Build | Palisade Wall |
| 11:51 | Create | Archer |
| 12:30 | Build | Farm |
| 12:31 | Build | Farm |
| 12:32 | Build | Farm |
| 12:35 | Create | Villager (Male) |
| 12:36 | Create | Archer |
| 12:40 | Create | Spearman |
| 12:54 | Build | Palisade Wall |
| 12:59 | Build | Palisade Wall |
| 13:00 | Build | Palisade Wall |
| 13:02 | Create | Villager (Male) |
| 13:03 | Create | Archer |
| 13:09 | Build | Farm |
| 13:18 | Create | Archer |
| 13:23 | Build | Farm |
| 13:42 | Build | Farm |
| 13:44 | Build | Farm |
| 13:45 | Create | Villager (Male) |
| 13:45 | Create | Villager (Male) |
| 14:15 | Build | Farm |
| 14:25 | Build | Farm |
| 14:27 | Create | Villager (Male) |
| 14:27 | Create | Villager (Male) |
| 14:29 | Create | Archer |
| 14:45 | Build | House |
| 14:46 | Create | Villager (Male) |
| 14:50 | Create | Archer |
| 15:06 | Create | Villager (Male) |
| 15:22 | Build | House |
| 15:28 | Build | Outpost |
| 15:29 | Create | Villager (Male) |
| 15:47 | Build | Farm |
| 15:50 | Create | Villager (Male) |
| 15:53 | Create | Archer |
| 15:59 | Create | Spearman |
| 16:17 | Create | Villager (Male) |
| 16:30 | Create | Archer |
| 16:40 | Build | Watch Tower |
| 16:42 | Create | Villager (Male) |
| 16:49 | Build | Farm |
| 16:50 | Build | Farm |
| 17:08 | Create | Villager (Male) |
| 17:20 | Create | Spearman |
| 17:21 | Create | Villager (Male) |
| 17:30 | Create | Villager (Male) |
| 17:32 | Create | Archer |
| 17:32 | Create | Archer |
| 17:35 | Create | Spearman |
| 17:44 | Create | Villager (Male) |
| 17:51 | Build | Farm |
| 17:52 | Build | Farm |
| 17:58 | Create | Archer |
| 18:22 | Research | Padded Archer Armor |
| 18:44 | Create | Villager (Male) |
| 18:45 | Build | Palisade Wall |
| 18:46 | Build | Palisade Wall |
| 18:46 | Build | Palisade Wall |
| 18:47 | Build | Palisade Wall |
| 18:47 | Build | Palisade Wall |
| 18:49 | Build | Palisade Wall |
| 18:49 | Build | Palisade Wall |
| 18:50 | Build | Palisade Wall |
| 19:01 | Research | Forging |
| 19:08 | Create | Archer |
| 19:18 | Research | Town Watch |
| 19:47 | Create | Archer |
| 19:55 | Research | Wheelbarrow |
| 20:29 | Build | Watch Tower |
| 20:35 | Create | Spearman |
| 20:38 | Create | Archer |
| 20:57 | Build | Market |
| 21:03 | Create | Archer |
| 21:18 | Create | Villager (Male) |
| 21:33 | Build | Palisade Wall |
| 21:40 | Create | Spearman |
| 21:41 | Create | Villager (Male) |
| 21:53 | Create | Spearman |
| 21:56 | Build | Farm |
| 21:58 | Build | Farm |
| 22:01 | Build | House |
| 22:03 | Create | Villager (Male) |
| 22:27 | Create | Villager (Male) |
| 22:50 | Research | Castle Age |
| 22:52 | Build | Farm |
| 22:53 | Build | Farm |
| 22:54 | Build | Farm |
| 22:54 | Build | Farm |
| 22:57 | Build | Farm |
| 23:04 | Build | Farm |
| 23:04 | Build | Farm |
Build order — busy pushing deer
First 150 of 264 actions detected
| 0:02 | Create | Villager (Male) |
| 0:02 | Create | Villager (Male) |
| 0:03 | Build | House |
| 0:05 | Build | House |
| 0:18 | Create | Villager (Male) |
| 0:18 | Create | Villager (Male) |
| 1:32 | Create | Villager (Male) |
| 1:33 | Create | Villager (Male) |
| 1:58 | Build | Lumber Camp |
| 2:06 | Create | Villager (Male) |
| 2:19 | Create | Villager (Male) |
| 2:22 | Build | House |
| 2:41 | Create | Villager (Male) |
| 2:42 | Create | Villager (Male) |
| 3:00 | Create | Villager (Male) |
| 3:37 | Create | Villager (Male) |
| 3:37 | Create | Villager (Male) |
| 4:07 | Create | Villager (Male) |
| 4:27 | Create | Villager (Male) |
| 4:49 | Create | Villager (Male) |
| 5:05 | Build | Barracks |
| 5:17 | Create | Villager (Male) |
| 5:48 | Create | Villager (Male) |
| 6:14 | Create | Villager (Male) |
| 6:17 | Build | Mining Camp |
| 7:01 | Research | Loom |
| 7:18 | Create | Villager (Male) |
| 7:51 | Create | Villager (Male) |
| 7:55 | Build | House |
| 8:08 | Build | House |
| 8:17 | Create | Villager (Male) |
| 8:25 | Build | Palisade Wall |
| 8:35 | Create | Villager (Male) |
| 8:47 | Build | Palisade Wall |
| 8:48 | Build | House |
| 8:53 | Build | House |
| 8:56 | Build | House |
| 9:24 | Create | Villager (Male) |
| 9:29 | Build | House |
| 9:33 | Build | Palisade Wall |
| 9:37 | Build | Palisade Wall |
| 9:41 | Build | Palisade Gate |
| 9:57 | Build | Palisade Wall |
| 9:58 | Build | Palisade Wall |
| 11:03 | Build | Mill |
| 11:10 | Build | Town Center |
| 11:34 | Build | House |
| 11:56 | Create | Villager (Male) |
| 12:00 | Create | Villager (Male) |
| 12:12 | Create | Villager (Male) |
| 12:20 | Create | Villager (Male) |
| 12:34 | Create | Villager (Male) |
| 12:50 | Build | House |
| 12:52 | Build | House |
| 13:05 | Create | Villager (Male) |
| 13:12 | Create | Villager (Male) |
| 13:15 | Build | Farm |
| 13:17 | Build | Farm |
| 13:41 | Create | Villager (Male) |
| 14:09 | Create | Villager (Male) |
| 14:11 | Build | Farm |
| 14:12 | Build | Farm |
| 14:15 | Build | Farm |
| 14:27 | Create | Villager (Male) |
| 15:04 | Build | House |
| 15:08 | Create | Villager (Male) |
| 15:23 | Create | Villager (Male) |
| 15:30 | Build | Farm |
| 15:31 | Build | Farm |
| 15:38 | Build | Mill |
| 15:51 | Build | Farm |
| 16:00 | Build | Lumber Camp |
| 16:34 | Create | Villager (Male) |
| 16:40 | Build | Farm |
| 16:43 | Build | House |
| 16:45 | Build | House |
| 16:46 | Build | House |
| 16:58 | Create | Villager (Male) |
| 17:14 | Build | Palisade Wall |
| 17:15 | Build | House |
| 17:16 | Build | Palisade Wall |
| 17:19 | Create | Villager (Male) |
| 17:20 | Build | Farm |
| 17:23 | Create | Villager (Male) |
| 17:31 | Create | Villager (Male) |
| 17:34 | Build | Farm |
| 17:35 | Build | Farm |
| 17:36 | Build | Farm |
| 17:50 | Build | Palisade Gate |
| 17:57 | Build | House |
| 18:02 | Create | Villager (Male) |
| 18:47 | Build | House |
| 18:58 | Create | Villager (Male) |
| 19:01 | Create | Villager (Male) |
| 19:17 | Create | Villager (Male) |
| 19:22 | Create | Villager (Male) |
| 19:42 | Build | House |
| 19:55 | Create | Villager (Male) |
| 20:04 | Build | Farm |
| 20:05 | Build | Farm |
| 20:08 | Build | Farm |
| 20:08 | Build | Farm |
| 20:11 | Create | Villager (Male) |
| 20:21 | Build | Mining Camp |
| 20:25 | Create | Villager (Male) |
| 21:25 | Research | Feudal Age |
| 22:28 | Build | Palisade Wall |
| 22:31 | Build | Palisade Wall |
| 22:32 | Build | Palisade Wall |
| 22:34 | Build | Palisade Wall |
| 22:35 | Build | Palisade Wall |
| 22:41 | Build | Palisade Wall |
| 22:44 | Build | Palisade Wall |
| 23:00 | Build | Farm |
| 23:42 | Age | Feudal Age |
| 23:44 | Create | Villager (Male) |
| 23:51 | Build | Market |
| 23:56 | Build | Lumber Camp |
| 23:58 | Build | Farm |
| 23:58 | Build | Farm |
| 23:58 | Build | Farm |
| 24:09 | Build | Blacksmith |
| 24:34 | Build | Mining Camp |
| 24:59 | Research | Castle Age |
| 25:20 | Research | Double-Bit Axe |
| 25:26 | Build | Farm |
| 25:41 | Research | Horse Collar |
| 25:58 | Create | Spearman |
| 25:58 | Create | Spearman |
| 26:26 | Build | Farm |
| 26:28 | Create | Spearman |
| 26:28 | Create | Spearman |
| 26:38 | Build | Palisade Wall |
| 26:40 | Build | House |
| 26:42 | Build | House |
| 26:44 | Build | House |
| 26:46 | Build | House |
| 26:48 | Build | House |
| 26:51 | Build | Palisade Wall |
| 26:56 | Create | Spearman |
| 26:57 | Create | Spearman |
| 27:07 | Create | Spearman |
| 27:14 | Research | Stone Mining |
| 27:23 | Build | Farm |
| 27:39 | Age | Castle Age |
| 27:40 | Create | Spearman |
| 27:54 | Create | Villager (Male) |
| 27:57 | Build | Lumber Camp |
| 28:01 | Build | Farm |
| 28:03 | Build | Farm |
Build order — ATABEY
93 actions detected in the replay
| 0:02 | Create | Villager (Male) |
| 0:03 | Build | House |
| 0:04 | Build | House |
| 0:07 | Create | Villager (Male) |
| 0:20 | Create | Villager (Male) |
| 0:21 | Create | Villager (Male) |
| 0:27 | Create | Villager (Male) |
| 1:42 | Create | Villager (Male) |
| 1:43 | Create | Villager (Male) |
| 2:08 | Build | Lumber Camp |
| 2:19 | Create | Villager (Male) |
| 2:19 | Create | Villager (Male) |
| 2:55 | Create | Villager (Male) |
| 3:10 | Create | Villager (Male) |
| 3:11 | Create | Villager (Male) |
| 3:41 | Build | House |
| 3:50 | Create | Villager (Male) |
| 4:10 | Create | Villager (Male) |
| 4:14 | Create | Villager (Male) |
| 4:45 | Create | Villager (Male) |
| 4:45 | Create | Villager (Male) |
| 5:00 | Create | Villager (Male) |
| 5:20 | Research | Loom |
| 6:01 | Create | Villager (Male) |
| 6:38 | Build | Town Center |
| 7:09 | Build | Mill |
| 7:25 | Create | Villager (Male) |
| 7:25 | Create | Villager (Male) |
| 7:49 | Create | Villager (Male) |
| 7:50 | Create | Villager (Male) |
| 7:55 | Build | House |
| 8:13 | Create | Villager (Male) |
| 8:33 | Build | House |
| 8:41 | Create | Villager (Male) |
| 9:12 | Build | Lumber Camp |
| 9:28 | Create | Villager (Male) |
| 9:45 | Create | Villager (Male) |
| 10:09 | Create | Villager (Male) |
| 10:19 | Create | Villager (Male) |
| 10:20 | Create | Villager (Male) |
| 10:21 | Build | House |
| 10:23 | Build | Palisade Wall |
| 10:26 | Build | Palisade Wall |
| 10:34 | Create | Villager (Male) |
| 10:50 | Create | Villager (Male) |
| 11:04 | Create | Villager (Male) |
| 11:13 | Create | Villager (Male) |
| 11:53 | Create | Villager (Male) |
| 12:26 | Build | Town Center |
| 14:02 | Create | Villager (Male) |
| 14:03 | Create | Villager (Male) |
| 14:03 | Create | Villager (Male) |
| 14:50 | Create | Villager (Male) |
| 14:58 | Build | House |
| 15:45 | Create | Villager (Male) |
| 16:14 | Create | Villager (Male) |
| 16:18 | Build | House |
| 16:59 | Build | House |
| 17:48 | Build | House |
| 18:12 | Build | House |
| 18:20 | Create | Villager (Male) |
| 21:15 | Build | Mill |
| 21:16 | Build | Farm |
| 21:16 | Build | Farm |
| 21:16 | Build | Farm |
| 22:41 | Build | Farm |
| 25:23 | Create | Villager (Male) |
| 25:23 | Create | Villager (Male) |
| 25:24 | Create | Villager (Male) |
| 25:54 | Create | Villager (Male) |
| 27:21 | Create | Villager (Male) |
| 27:21 | Create | Villager (Male) |
| 27:40 | Build | House |
| 27:41 | Build | House |
| 28:00 | Create | Villager (Male) |
| 28:21 | Build | Farm |
| 28:23 | Build | Farm |
| 28:25 | Build | Farm |
| 28:33 | Create | Villager (Male) |
| 28:37 | Build | Farm |
| 28:49 | Create | Villager (Male) |
| 29:00 | Build | Farm |
| 31:46 | Create | Villager (Male) |
| 31:46 | Create | Villager (Male) |
| 33:53 | Build | Town Center |
| 35:43 | Research | Feudal Age |
| 35:43 | Research | Feudal Age |
| 37:47 | Age | Feudal Age |
| 37:50 | Build | Market |
| 37:51 | Build | Blacksmith |
| 37:53 | Create | Villager (Male) |
| 38:51 | Research | Castle Age |
| 38:51 | Research | Castle Age |
Build order — maxwell54
First 150 of 424 actions detected
| 0:05 | Build | House |
| 0:09 | Build | House |
| 0:10 | Create | Villager (Male) |
| 0:11 | Create | Villager (Male) |
| 0:11 | Create | Villager (Male) |
| 0:11 | Create | Villager (Male) |
| 0:14 | Create | Villager (Male) |
| 1:38 | Create | Villager (Male) |
| 2:00 | Build | Lumber Camp |
| 2:02 | Create | Villager (Male) |
| 2:39 | Create | Villager (Male) |
| 3:18 | Create | Villager (Male) |
| 3:18 | Create | Villager (Male) |
| 3:19 | Create | Villager (Male) |
| 3:33 | Build | House |
| 3:34 | Build | House |
| 3:49 | Create | Villager (Male) |
| 3:54 | Build | Mill |
| 4:20 | Create | Villager (Male) |
| 4:34 | Create | Villager (Male) |
| 4:53 | Research | Loom |
| 6:11 | Research | Feudal Age |
| 6:52 | Create | Villager (Male) |
| 7:19 | Build | Barracks |
| 7:27 | Create | Villager (Male) |
| 8:04 | Create | Villager (Male) |
| 8:15 | Age | Feudal Age |
| 8:17 | Build | Stable |
| 8:28 | Research | Double-Bit Axe |
| 8:37 | Build | House |
| 8:51 | Research | Horse Collar |
| 8:57 | Create | Villager (Male) |
| 9:24 | Build | Farm |
| 9:26 | Create | Scout Cavalry |
| 9:26 | Create | Scout Cavalry |
| 9:29 | Build | Farm |
| 9:31 | Create | Villager (Male) |
| 9:53 | Build | Farm |
| 9:56 | Create | Villager (Male) |
| 10:09 | Build | Farm |
| 10:17 | Build | Farm |
| 10:20 | Create | Scout Cavalry |
| 10:24 | Create | Villager (Male) |
| 10:53 | Create | Villager (Male) |
| 10:57 | Create | Villager (Male) |
| 11:00 | Build | Farm |
| 11:09 | Create | Scout Cavalry |
| 11:09 | Create | Scout Cavalry |
| 11:20 | Create | Villager (Male) |
| 11:28 | Build | Farm |
| 11:29 | Build | Farm |
| 11:56 | Create | Villager (Male) |
| 12:00 | Create | Villager (Male) |
| 12:21 | Create | Villager (Male) |
| 12:21 | Create | Villager (Male) |
| 12:31 | Create | Villager (Male) |
| 12:51 | Build | Farm |
| 12:51 | Build | Farm |
| 12:52 | Build | Farm |
| 12:52 | Build | Farm |
| 12:52 | Build | Farm |
| 12:54 | Create | Villager (Male) |
| 13:12 | Build | Farm |
| 13:17 | Create | Villager (Male) |
| 13:35 | Create | Villager (Male) |
| 13:43 | Build | Farm |
| 13:45 | Create | Villager (Male) |
| 13:55 | Research | Wheelbarrow |
| 14:11 | Build | House |
| 14:12 | Build | House |
| 14:19 | Create | Villager (Male) |
| 14:55 | Build | Mining Camp |
| 14:56 | Create | Villager (Male) |
| 15:27 | Create | Villager (Male) |
| 15:45 | Build | Stable |
| 15:59 | Build | Blacksmith |
| 16:12 | Create | Villager (Male) |
| 16:21 | Build | Farm |
| 16:43 | Build | Farm |
| 16:57 | Research | Castle Age |
| 17:06 | Build | Farm |
| 17:08 | Create | Scout Cavalry |
| 17:08 | Create | Scout Cavalry |
| 17:32 | Create | Scout Cavalry |
| 17:43 | Research | Scale Barding Armor |
| 17:46 | Build | Farm |
| 17:48 | Build | Farm |
| 17:56 | Create | Villager (Male) |
| 18:14 | Research | Bloodlines |
| 18:15 | Create | Villager (Male) |
| 18:24 | Create | Scout Cavalry |
| 18:24 | Create | Scout Cavalry |
| 18:40 | Research | Forging |
| 18:40 | Research | Forging |
| 18:51 | Create | Villager (Male) |
| 19:00 | Create | Scout Cavalry |
| 19:00 | Create | Scout Cavalry |
| 19:01 | Create | Villager (Male) |
| 19:23 | Age | Castle Age |
| 19:24 | Research | Light Cavalry (upgrade) |
| 19:26 | Create | Villager (Male) |
| 19:27 | Create | Villager (Male) |
| 19:42 | Research | Iron Casting |
| 19:53 | Build | Town Center |
| 19:54 | Create | Villager (Male) |
| 20:02 | Build | Town Center |
| 20:03 | Create | Villager (Male) |
| 20:14 | Create | Villager (Male) |
| 20:19 | Create | Villager (Male) |
| 20:26 | Create | Villager (Male) |
| 20:33 | Create | Villager (Male) |
| 20:33 | Create | Villager (Male) |
| 20:46 | Create | Villager (Male) |
| 20:51 | Create | Villager (Male) |
| 21:07 | Create | Villager (Male) |
| 21:08 | Create | Villager (Male) |
| 21:09 | Create | Villager (Male) |
| 21:09 | Create | Villager (Male) |
| 21:10 | Create | Villager (Male) |
| 21:11 | Create | Villager (Male) |
| 21:32 | Create | Knight |
| 21:32 | Create | Knight |
| 21:32 | Create | Knight |
| 21:52 | Create | Villager (Male) |
| 22:22 | Create | Villager (Male) |
| 22:24 | Create | Villager (Male) |
| 22:33 | Create | Villager (Male) |
| 22:35 | Build | Farm |
| 22:36 | Build | Farm |
| 22:36 | Build | Farm |
| 22:38 | Research | Bow Saw |
| 22:39 | Create | Villager (Male) |
| 22:57 | Create | Knight |
| 22:57 | Create | Camel Scout |
| 22:58 | Create | Camel Scout |
| 23:01 | Build | Farm |
| 23:02 | Create | Villager (Male) |
| 23:08 | Research | Gold Mining |
| 23:12 | Build | Farm |
| 23:36 | Create | Villager (Male) |
| 23:36 | Create | Villager (Male) |
| 23:40 | Build | Farm |
| 23:41 | Build | Farm |
| 23:43 | Build | Farm |
| 23:48 | Create | Camel Scout |
| 23:50 | Create | Camel Scout |
| 24:00 | Create | Villager (Male) |
| 24:07 | Create | Camel Scout |
| 24:07 | Create | Camel Scout |
| 24:21 | Create | Villager (Male) |
Build order — Tylenol
First 150 of 334 actions detected
| 0:01 | Create | Villager (Male) |
| 0:01 | Create | Villager (Male) |
| 0:02 | Build | House |
| 0:03 | Build | House |
| 0:12 | Create | Villager (Male) |
| 0:12 | Create | Villager (Male) |
| 1:28 | Create | Villager (Male) |
| 1:58 | Build | Lumber Camp |
| 2:03 | Create | Villager (Male) |
| 2:23 | Create | Villager (Male) |
| 2:34 | Build | House |
| 2:51 | Create | Villager (Male) |
| 2:52 | Create | Villager (Male) |
| 3:18 | Create | Villager (Male) |
| 3:18 | Create | Villager (Male) |
| 3:29 | Create | Villager (Male) |
| 4:04 | Create | Villager (Male) |
| 4:04 | Create | Villager (Male) |
| 4:04 | Create | Villager (Male) |
| 4:35 | Create | Villager (Male) |
| 4:35 | Create | Villager (Male) |
| 4:35 | Create | Villager (Male) |
| 4:35 | Create | Villager (Male) |
| 5:37 | Build | Mill |
| 5:56 | Create | Villager (Male) |
| 5:57 | Research | Loom |
| 6:47 | Research | Feudal Age |
| 7:08 | Build | Barracks |
| 7:10 | Build | House |
| 8:57 | Age | Feudal Age |
| 9:00 | Build | Stable |
| 9:32 | Create | Villager (Male) |
| 9:33 | Research | Double-Bit Axe |
| 9:54 | Create | Scout Cavalry |
| 9:59 | Build | House |
| 10:01 | Create | Villager (Male) |
| 10:04 | Build | Farm |
| 10:04 | Create | Villager (Male) |
| 10:04 | Create | Villager (Male) |
| 10:07 | Research | Horse Collar |
| 10:07 | Research | Horse Collar |
| 10:10 | Create | Scout Cavalry |
| 10:13 | Build | Farm |
| 10:18 | Build | Farm |
| 10:20 | Build | Farm |
| 10:22 | Build | Farm |
| 10:26 | Build | Farm |
| 10:50 | Create | Villager (Male) |
| 10:52 | Build | Farm |
| 10:55 | Build | Farm |
| 11:12 | Create | Scout Cavalry |
| 11:32 | Create | Villager (Male) |
| 11:35 | Build | Farm |
| 11:37 | Build | Farm |
| 11:39 | Build | Farm |
| 11:44 | Build | House |
| 11:50 | Create | Scout Cavalry |
| 11:56 | Create | Villager (Male) |
| 11:59 | Build | Farm |
| 12:33 | Create | Scout Cavalry |
| 12:41 | Create | Scout Cavalry |
| 12:53 | Create | Scout Cavalry |
| 13:04 | Create | Scout Cavalry |
| 13:09 | Build | Farm |
| 13:42 | Create | Scout Cavalry |
| 13:43 | Create | Villager (Male) |
| 13:44 | Create | Villager (Male) |
| 13:46 | Build | Farm |
| 14:08 | Create | Scout Cavalry |
| 14:29 | Create | Villager (Male) |
| 14:58 | Create | Villager (Male) |
| 14:59 | Create | Villager (Male) |
| 15:00 | Build | House |
| 15:03 | Create | Villager (Male) |
| 15:05 | Build | Mining Camp |
| 15:07 | Create | Villager (Male) |
| 15:11 | Build | House |
| 15:13 | Build | Blacksmith |
| 15:16 | Build | Farm |
| 15:17 | Build | Farm |
| 15:28 | Build | Farm |
| 15:54 | Create | Villager (Male) |
| 15:54 | Create | Villager (Male) |
| 16:34 | Build | Farm |
| 16:35 | Build | Farm |
| 16:37 | Build | House |
| 16:39 | Build | Stable |
| 16:40 | Create | Villager (Male) |
| 16:44 | Build | Farm |
| 17:47 | Build | Farm |
| 17:47 | Build | Farm |
| 18:11 | Research | Castle Age |
| 18:11 | Research | Castle Age |
| 19:04 | Research | Scale Barding Armor |
| 19:04 | Research | Scale Barding Armor |
| 19:22 | Research | Forging |
| 19:22 | Research | Forging |
| 19:26 | Research | Gold Mining |
| 19:26 | Research | Gold Mining |
| 20:20 | Research | Bloodlines |
| 20:20 | Research | Bloodlines |
| 20:51 | Age | Castle Age |
| 20:54 | Create | Knight |
| 20:55 | Create | Knight |
| 20:55 | Create | Knight |
| 21:05 | Create | Knight |
| 21:06 | Create | Knight |
| 21:07 | Create | Villager (Male) |
| 21:10 | Create | Villager (Male) |
| 21:19 | Build | Farm |
| 21:46 | Create | Knight |
| 21:46 | Create | Knight |
| 21:47 | Create | Villager (Male) |
| 21:47 | Create | Villager (Male) |
| 21:59 | Create | Knight |
| 22:09 | Create | Villager (Male) |
| 22:09 | Create | Villager (Male) |
| 22:27 | Create | Knight |
| 22:33 | Build | Market |
| 22:56 | Create | Villager (Male) |
| 22:58 | Build | House |
| 23:03 | Build | Monastery |
| 23:04 | Research | Bow Saw |
| 23:21 | Create | Knight |
| 23:25 | Build | Mining Camp |
| 24:01 | Create | Monk |
| 24:17 | Create | Knight |
| 24:17 | Create | Knight |
| 24:51 | Create | Villager (Male) |
| 24:51 | Create | Villager (Male) |
| 25:02 | Create | Villager (Male) |
| 25:02 | Create | Villager (Male) |
| 25:04 | Create | Villager (Male) |
| 25:04 | Create | Villager (Male) |
| 25:07 | Build | Town Center |
| 25:18 | Create | Villager (Male) |
| 25:19 | Create | Villager (Male) |
| 25:30 | Create | Villager (Male) |
| 25:34 | Build | House |
| 26:12 | Create | Knight |
| 26:12 | Create | Knight |
| 26:13 | Create | Villager (Male) |
| 26:13 | Create | Villager (Male) |
| 26:16 | Build | Farm |
| 26:16 | Build | Farm |
| 26:19 | Build | Siege Workshop |
| 26:21 | Create | Villager (Male) |
| 26:22 | Build | House |
| 26:29 | Create | Villager (Male) |
| 26:30 | Create | Villager (Male) |
Build order — 2987052186
First 150 of 268 actions detected
| 0:03 | Create | Villager (Male) |
| 0:03 | Create | Villager (Male) |
| 0:04 | Create | Villager (Male) |
| 0:05 | Build | House |
| 0:09 | Build | House |
| 0:57 | Create | Villager (Male) |
| 1:32 | Create | Villager (Male) |
| 2:21 | Create | Villager (Male) |
| 2:45 | Create | Villager (Male) |
| 3:11 | Create | Villager (Male) |
| 3:19 | Create | Villager (Male) |
| 3:48 | Build | Lumber Camp |
| 3:50 | Create | Villager (Male) |
| 4:14 | Build | House |
| 4:24 | Create | Villager (Male) |
| 4:43 | Build | House |
| 4:53 | Create | Villager (Male) |
| 5:22 | Create | Villager (Male) |
| 5:54 | Create | Villager (Male) |
| 6:21 | Create | Villager (Male) |
| 7:01 | Create | Villager (Male) |
| 7:15 | Build | Mill |
| 7:22 | Research | Loom |
| 7:55 | Research | Feudal Age |
| 7:55 | Research | Feudal Age |
| 8:52 | Build | Farm |
| 9:01 | Build | Barracks |
| 10:01 | Create | Villager (Male) |
| 10:02 | Create | Villager (Male) |
| 10:05 | Age | Feudal Age |
| 10:07 | Build | Stable |
| 10:37 | Create | Villager (Male) |
| 10:59 | Create | Villager (Male) |
| 11:07 | Build | Farm |
| 11:08 | Build | Farm |
| 11:09 | Build | Farm |
| 11:15 | Build | House |
| 11:22 | Build | Blacksmith |
| 11:24 | Build | House |
| 11:39 | Create | Spearman |
| 12:09 | Create | Spearman |
| 12:11 | Create | Villager (Male) |
| 12:14 | Build | House |
| 12:55 | Create | Spearman |
| 12:58 | Create | Villager (Male) |
| 13:24 | Create | Spearman |
| 13:26 | Create | Villager (Male) |
| 13:36 | Build | Farm |
| 13:38 | Build | Farm |
| 13:39 | Build | Farm |
| 13:42 | Build | Farm |
| 13:43 | Build | Farm |
| 13:46 | Create | Villager (Male) |
| 14:13 | Build | Farm |
| 14:13 | Build | Farm |
| 14:17 | Create | Villager (Male) |
| 14:55 | Create | Villager (Male) |
| 14:58 | Create | Spearman |
| 15:45 | Build | Mining Camp |
| 16:22 | Create | Villager (Male) |
| 16:22 | Create | Villager (Male) |
| 16:49 | Build | Farm |
| 16:50 | Build | Farm |
| 17:08 | Build | Stable |
| 17:11 | Create | Villager (Male) |
| 17:29 | Create | Villager (Male) |
| 17:32 | Build | Farm |
| 17:33 | Build | Farm |
| 18:04 | Build | House |
| 18:05 | Build | House |
| 18:06 | Create | Villager (Male) |
| 18:11 | Build | House |
| 18:14 | Build | House |
| 18:31 | Build | Farm |
| 18:33 | Create | Villager (Male) |
| 18:56 | Research | Castle Age |
| 18:56 | Research | Castle Age |
| 19:38 | Research | Horse Collar |
| 19:38 | Research | Horse Collar |
| 19:46 | Build | House |
| 19:47 | Build | House |
| 19:59 | Research | Double-Bit Axe |
| 20:45 | Research | Scale Barding Armor |
| 20:49 | Research | Bloodlines |
| 21:39 | Age | Castle Age |
| 21:43 | Create | Camel Scout |
| 21:43 | Create | Camel Scout |
| 21:44 | Create | Camel Scout |
| 21:45 | Create | Camel Scout |
| 21:46 | Create | Villager (Male) |
| 21:47 | Create | Villager (Male) |
| 22:00 | Build | Town Center |
| 22:14 | Create | Villager (Male) |
| 22:37 | Create | Villager (Male) |
| 22:37 | Create | Villager (Male) |
| 22:41 | Create | Camel Scout |
| 22:41 | Create | Camel Scout |
| 22:42 | Create | Camel Scout |
| 23:19 | Create | Villager (Male) |
| 23:19 | Create | Villager (Male) |
| 23:19 | Create | Villager (Male) |
| 23:20 | Create | Villager (Male) |
| 23:20 | Create | Villager (Male) |
| 23:20 | Create | Villager (Male) |
| 23:26 | Build | Farm |
| 23:27 | Build | Farm |
| 23:28 | Build | Farm |
| 23:29 | Build | Farm |
| 23:30 | Build | Farm |
| 24:08 | Create | Villager (Male) |
| 24:12 | Research | Chain Barding Armor |
| 24:23 | Build | Monastery |
| 24:58 | Build | Town Center |
| 25:03 | Create | Villager (Male) |
| 25:04 | Create | Villager (Male) |
| 25:05 | Create | Villager (Male) |
| 25:09 | Create | Camel Scout |
| 25:09 | Create | Camel Scout |
| 25:10 | Create | Camel Scout |
| 25:10 | Create | Camel Scout |
| 25:10 | Create | Camel Scout |
| 25:22 | Build | Farm |
| 25:37 | Create | Villager (Male) |
| 25:42 | Research | Forging |
| 25:47 | Create | Camel Scout |
| 25:47 | Create | Camel Scout |
| 25:53 | Create | Villager (Male) |
| 25:53 | Create | Villager (Male) |
| 25:53 | Create | Villager (Male) |
| 26:45 | Create | Camel Scout |
| 27:22 | Create | Villager (Male) |
| 27:22 | Create | Villager (Male) |
| 27:22 | Create | Villager (Male) |
| 27:35 | Create | Camel Scout |
| 27:35 | Create | Camel Scout |
| 27:35 | Create | Camel Scout |
| 27:59 | Create | Villager (Male) |
| 27:59 | Create | Villager (Male) |
| 28:00 | Create | Villager (Male) |
| 28:11 | Research | Iron Casting |
| 28:13 | Create | Camel Scout |
| 28:13 | Create | Camel Scout |
| 28:14 | Create | Camel Scout |
| 28:25 | Build | Farm |
| 28:26 | Build | Farm |
| 28:27 | Build | Farm |
| 28:28 | Build | Farm |
| 28:29 | Build | Farm |
| 28:30 | Build | Farm |
| 28:39 | Build | Farm |
Match timeline
| 1:56 | FeR · wall_segment Palisade Wall x1 |
| 1:58 | FeR · wall_segment Palisade Wall x1 |
| 2:00 | FeR · wall_segment Palisade Wall x1 |
| 2:02 | FeR · wall_segment Palisade Wall x1 |
| 3:08 | FeR · wall_segment Palisade Wall x1 |
| 3:21 | FeR · wall_segment Palisade Wall x1 |
| 3:21 | FeR · wall_segment Palisade Wall x1 |
| 3:24 | FeR · wall_segment Palisade Wall x1 |
| 3:25 | FeR · wall_segment Palisade Wall x1 |
| 3:42 | FeR · wall_segment Palisade Wall x1 |
| 3:43 | FeR · wall_segment Palisade Wall x1 |
| 5:05 | busy pushing deer · first_building Barracks |
| 7:08 | Tylenol · first_building Barracks |
| 7:19 | maxwell54 · first_building Barracks |
| 7:33 | EXILE | Ivanistico · first_building Barracks |
| 7:44 | FeR · first_building Barracks |
| 8:15 | maxwell54 · age_up feudal |
| 8:17 | maxwell54 · first_building Stable |
| 8:25 | busy pushing deer · wall_segment Palisade Wall x3 |
| 8:36 | FeR · wall_segment Palisade Wall x6 |
| 8:46 | Dadagama · first_building Barracks |
| 8:47 | busy pushing deer · wall_segment Palisade Wall x1 |
| 8:57 | Tylenol · age_up feudal |
| 8:57 | FeR · wall_segment Palisade Wall x5 |
| 8:59 | FeR · wall_segment Palisade Wall x4 |
| 9:00 | Tylenol · first_building Stable |
| 9:01 | 2987052186 · first_building Barracks |
| 9:27 | EXILE | Ivanistico · age_up feudal |
| 9:29 | EXILE | Ivanistico · first_building Stable |
| 9:33 | busy pushing deer · wall_segment Palisade Wall x2 |
| 9:37 | busy pushing deer · wall_segment Palisade Wall x4 |
| 9:45 | Dadagama · age_up feudal |
| 9:50 | Dadagama · first_building Stable |
| 9:57 | busy pushing deer · wall_segment Palisade Wall x2 |
| 9:58 | busy pushing deer · wall_segment Palisade Wall x1 |
| 10:05 | 2987052186 · age_up feudal |
| 10:07 | 2987052186 · first_building Stable |
| 10:23 | ATABEY · wall_segment Palisade Wall x1 |
| 10:26 | ATABEY · wall_segment Palisade Wall x1 |
| 10:33 | Dadagama · wall_segment Palisade Wall x1 |
| 10:33 | FeR · age_up feudal |
| 10:38 | FeR · wall_segment Palisade Wall x1 |
| 10:56 | FeR · first_building Archery Range |
| 11:06 | Dadagama · wall_segment Palisade Wall x5 |
| 11:35 | FeR · wall_segment Palisade Wall x1 |
| 11:36 | FeR · wall_segment Palisade Wall x1 |
| 11:50 | FeR · wall_segment Palisade Wall x1 |
| 12:01 | EXILE | Ivanistico · wall_segment Palisade Wall x1 |
| 12:03 | EXILE | Ivanistico · wall_segment Palisade Wall x1 |
| 12:10 | EXILE | Ivanistico · wall_segment Palisade Wall x1 |
| 12:12 | EXILE | Ivanistico · wall_segment Palisade Wall x1 |
| 12:13 | EXILE | Ivanistico · wall_segment Palisade Wall x1 |
| 12:54 | FeR · wall_segment Palisade Wall x1 |
| 12:59 | FeR · wall_segment Palisade Wall x1 |
| 13:00 | FeR · wall_segment Palisade Wall x3 |
| 17:14 | busy pushing deer · wall_segment Palisade Wall x8 |
| 17:16 | busy pushing deer · wall_segment Palisade Wall x1 |
| 18:45 | FeR · wall_segment Palisade Wall x1 |
| 18:46 | FeR · wall_segment Palisade Wall x1 |
| 18:46 | FeR · wall_segment Palisade Wall x1 |
| 18:47 | FeR · wall_segment Palisade Wall x1 |
| 18:47 | FeR · wall_segment Palisade Wall x1 |
| 18:49 | FeR · wall_segment Palisade Wall x1 |
| 18:49 | FeR · wall_segment Palisade Wall x1 |
| 18:50 | FeR · wall_segment Palisade Wall x1 |
| 19:23 | maxwell54 · age_up castle |
| 20:09 | EXILE | Ivanistico · wall_segment Palisade Wall x1 |
| 20:11 | EXILE | Ivanistico · wall_segment Palisade Wall x1 |
| 20:13 | EXILE | Ivanistico · wall_segment Palisade Wall x1 |
| 20:31 | EXILE | Ivanistico · wall_segment Palisade Wall x1 |
| 20:34 | EXILE | Ivanistico · wall_segment Palisade Wall x1 |
| 20:51 | Tylenol · age_up castle |
| 21:33 | FeR · wall_segment Palisade Wall x1 |
| 21:39 | 2987052186 · age_up castle |
| 21:40 | Dadagama · wall_segment Stone Wall x1 |
| 22:28 | busy pushing deer · wall_segment Palisade Wall x1 |
| 22:31 | busy pushing deer · wall_segment Palisade Wall x1 |
| 22:32 | busy pushing deer · wall_segment Palisade Wall x1 |
| 22:34 | busy pushing deer · wall_segment Palisade Wall x1 |
| 22:35 | busy pushing deer · wall_segment Palisade Wall x1 |
| 22:41 | busy pushing deer · wall_segment Palisade Wall x1 |
| 22:42 | Dadagama · age_up castle |
| 22:44 | busy pushing deer · wall_segment Palisade Wall x1 |
| 22:47 | FeR · first_market_buy 100 food |
| 23:03 | Tylenol · first_building Monastery |
| 23:15 | EXILE | Ivanistico · wall_segment Stone Wall x1 |
| 23:18 | Dadagama · first_building Monastery |
| 23:19 | EXILE | Ivanistico · wall_segment Stone Wall x1 |
| 23:21 | EXILE | Ivanistico · wall_segment Stone Wall x1 |
| 23:25 | FeR · wall_segment Palisade Wall x1 |
| 23:27 | FeR · wall_segment Palisade Wall x1 |
| 23:42 | busy pushing deer · age_up feudal |
| 24:13 | Tylenol · tribute_sent a jugador 1 |
| 24:13 | Tylenol · tribute_sent a jugador 2 |
| 24:13 | Tylenol · tribute_sent a jugador 3 |
| 24:13 | Tylenol · tribute_sent a jugador 4 |
| 24:13 | Tylenol · tribute_sent a jugador 5 |
| 24:13 | Tylenol · tribute_sent a jugador 7 |
| 24:13 | Tylenol · tribute_sent a jugador 8 |
| 24:23 | 2987052186 · first_building Monastery |
| 24:42 | busy pushing deer · first_market_sell 100 wood |
| 25:02 | Dadagama · first_building Siege Workshop |
| 25:28 | EXILE | Ivanistico · wall_segment Palisade Wall x1 |
| 25:39 | FeR · age_up castle |
| 25:43 | Dadagama · first_market_sell 100 wood |
| 26:19 | Tylenol · first_building Siege Workshop |
| 26:29 | FeR · wall_segment Palisade Wall x1 |
| 26:35 | FeR · wall_segment Palisade Wall x1 |
| 26:38 | busy pushing deer · wall_segment Palisade Wall x1 |
| 26:51 | busy pushing deer · wall_segment Palisade Wall x1 |
| 26:57 | FeR · wall_segment Palisade Wall x1 |
| 26:58 | FeR · wall_segment Palisade Wall x1 |
| 27:39 | busy pushing deer · age_up castle |
| 28:40 | Tylenol · tribute_sent a jugador 1 |
| 28:40 | Tylenol · tribute_sent a jugador 2 |
| 28:40 | Tylenol · tribute_sent a jugador 3 |
| 28:40 | Tylenol · tribute_sent a jugador 4 |
| 28:40 | Tylenol · tribute_sent a jugador 5 |
| 28:40 | Tylenol · tribute_sent a jugador 7 |
| 28:40 | Tylenol · tribute_sent a jugador 8 |
| 30:07 | busy pushing deer · first_market_buy 100 stone |
| 30:22 | FeR · first_building Castle |
| 30:27 | busy pushing deer · first_building Castle |
| 31:08 | Dadagama · first_building Castle |
| 32:15 | busy pushing deer · first_building Siege Workshop |
| 33:43 | Tylenol · tribute_sent a jugador 1 |
| 33:43 | Tylenol · tribute_sent a jugador 2 |
| 33:43 | Tylenol · tribute_sent a jugador 3 |
| 33:43 | Tylenol · tribute_sent a jugador 4 |
| 33:43 | Tylenol · tribute_sent a jugador 5 |
| 33:43 | Tylenol · tribute_sent a jugador 7 |
| 33:43 | Tylenol · tribute_sent a jugador 8 |
| 34:09 | maxwell54 · first_building Monastery |
| 35:03 | Dadagama · wall_segment Palisade Wall x4 |
| 35:05 | Dadagama · wall_segment Palisade Wall x1 |
| 35:06 | Dadagama · wall_segment Palisade Wall x5 |
| 35:58 | Dadagama · wall_segment Palisade Wall x1 |
| 35:59 | Dadagama · wall_segment Palisade Wall x1 |
| 36:26 | Dadagama · first_market_buy 100 stone |
| 37:33 | EXILE | Ivanistico · age_up castle |
| 37:37 | maxwell54 · age_up imperial |
| 37:41 | 2987052186 · age_up imperial |
| 37:47 | ATABEY · age_up feudal |
| 38:30 | FeR · first_market_sell 500 wood |
| 38:45 | ATABEY · first_market_buy 100 food |
| 39:04 | Tylenol · first_building Castle |
| 40:13 | Tylenol · resign |
[ AI ANALYSIS · 1 CREDIT ]
What really happened in this match?
Wolo.gg analyzes every decision: build order, eco, micro, common mistakes by bracket. Personalized analysis on WhatsApp or Discord in 30 seconds.
Civ guide
Hindustanis
Perfil
Jugador #11526726